 Dungeon Crawl Stone Soup version 0.29.0-11-gd7f09526c8 (webtiles) character file.

Game seed: 13625270103727455392

30895 quinnr the Devastator (level 13, -11/70 HPs)
             Began as a Tengu Conjurer on Sept 3, 2022.
             Was an Elder of Sif Muna.
             Mangled by a death yak (27 damage)
             ... on level 2 of the Lair of Beasts.
             The game lasted 01:03:02 (23131 turns).

quinnr the Devastator (Tengu Conjurer)             Turns: 23131, Time: 01:03:02

Health: -11/70     AC:  5    Str:  8    XL:     13   Next: 54%
Magic:  23/23      EV: 33    Int: 24    God:    Sif Muna [****..]
Gold:   800        SH:  5    Dex: 12    Spells: 3/24 levels left

rFire   + + .      SeeInvis .   W - staff of death {!a}
rCold   . . .      Faith    .   M - +0 buckler
rNeg    + + .      Spirit   .   A - +1 leather armour {rPois}
rPois   +          Reflect  .   V - +0 hat of the Destroying Gods {rElec rN+ Slay+6}
rElec   +          Harm     .   Z - scarf {repulsion}
rCorr   .          Rampage  .   d - +0 pair of gloves
Will    .....                   (boots unavailable)
Stlth   ++........              m - amulet of the acrobat
HPRegen 0.21/turn               F - ring of protection from fire
MPRegen 0.18/turn               r - ring of protection from fire

@: acrobatic, flying quickly and evasively, repel missiles, quick
A: beak, talons 3, nimble flight
a: Renounce Religion, Channel Magic, Forget Spell, Divine Exegesis


You were on level 2 of the Lair of Beasts.
You worshipped Sif Muna.
Sif Muna was greatly pleased with you.
You visited 3 branches of the dungeon, and saw 14 of its levels.
You also visited: Bailey and Volcano.

You collected 1107 gold pieces.
You spent 307 gold pieces at shops.


Innate Abilities, Weirdness & Mutations

You have a beak for a mouth.
You have claws for feet.
Your magical nature lets you fly swiftly and evasively.


   Skills:
 - Level 4.0 Fighting
 - Level 4.0 Ranged Weapons
 - Level 3.0 Armour
 + Level 11.2 Dodging
 - Level 3.0 Stealth
 - Level 4.0 Shields
 + Level 6.2 Spellcasting
 + Level 17.1 Conjurations
 - Level 10.0 Summonings
 - Level 3.1 Translocations
 - Level 6.0 Invocations
 - Level 5.0 Evocations


You had 3 spell levels left.
You knew the following spells:

 Your Spells              Type           Power      Damage    Failure   Level
d - Orb of Destruction    Conj           37%        9d11      11%         7
m - Magic Dart            Conj           100%       1d8       0%          1
p - Spellforged Servitor  Conj/Summ      32%        N/A       43%         7
s - Searing Ray           Conj           100%       2d8       1%          2
X - Iskenderun's Mystic   Conj/Tloc      54%        2d12      2%          4

Your spell library contained the following spells:

 Spells                   Type           Power      Damage    Failure   Level
 Call Imp                 Summ           53%        N/A       1%          2
 Dazzling Flash           Conj/Hex       96%        N/A       1%          3
 Apportation              Tloc           44%        N/A       4%          1
 Summon Guardian Golem    Hex/Summ       31%        N/A       5%          3
 Frozen Ramparts          Ice            14%        1d3       41%         3
 Ignite Poison            Fire/Tmut/Pois 7%         N/A       41%         3
 Tukima's Dance           Hex            7%         N/A       41%         3
 Fulminant Prism          Conj/Hex       24%        3d13      4%          4
 Sticky Flame             Conj/Fire      48%        2d7       4%          4
 Fireball                 Conj/Fire      24%        3d11      12%         5
 Animate Armour           Summ/Erth      62%        N/A       19%         4
 Summon Ice Beast         Ice/Summ       31%        N/A       19%         4
 Passage of Golubria      Tloc           22%        N/A       36%         4
 Summon Cactus Giant      Summ           26%        N/A       36%         6
 Corpse Rot               Necr/Pois/Air  11%        N/A       82%         4
 Dispel Undead            Necr           11%        3d9       82%         4
 Ice Form                 Ice/Tmut       7%         N/A       82%         4
 Petrify                  Tmut/Erth      7%         N/A       82%         4
 Summon Hydra             Summ           26%        N/A       90%         7
 Alistair's Intoxication  Tmut/Pois      4%         N/A       99%         5
 Metabolic Englaciation   Hex/Ice        3%         N/A       99%         5
 Yara's Violent Unravell  Hex/Tmut       3%         3d4       99%         5
 Death Channel            Necr           5%         N/A       100%        6
 Statue Form              Tmut/Erth      4%         N/A       100%        6

Inventory:

Hand Weapons
 J - the +2 sling of the Onslaught {vorpal, Will+ Int+3}
   (You found it on level 8 of the Dungeon)

   Any ammunition fired from it inflicts extra damage upon your enemies.
   Int:       It affects your intelligence (+3).
   Will:      It increases your willpower.
Missiles
 R - 9 throwing nets {=f}
Armour
 d - a +0 pair of gloves (worn)
 A - a +1 leather armour of poison resistance (worn)
 M - a +0 buckler (worn)
 V - the +0 hat of the Destroying Gods (worn) {rElec rN+ Slay+6}
   (You acquired it in a bailey)

   Slay:      It affects your accuracy & damage with ranged weapons and melee
   (+6).
   rElec:     It insulates you from electricity.
   rN:        It protects you from negative energy.
 Z - a scarf of repulsion (worn)
Magical Staves
 W - a staff of death (weapon) {!a}
Jewellery
 c - a ring of ice
 f - a ring of fire
 m - an amulet of the acrobat (around neck)
 r - a ring of protection from fire (right hand)
 v - a ring of see invisible
 C - a ring of protection from cold
 E - a +4 ring of evasion
 F - a ring of protection from fire (left hand)
 N - a ring of positive energy
 P - a ring of poison resistance
 U - an amulet of regeneration
Wands
 g - a wand of light (9)
 x - a wand of flame (43)
 D - a wand of iceblast (3)
 G - a wand of paralysis (3)
 I - a wand of mindburst (16)
 Y - a wand of digging (4)
Scrolls
 a - a scroll of magic mapping
 e - 2 scrolls of immolation
 o - 4 scrolls of fear {unknown}
 p - 5 scrolls of vulnerability
 t - 3 scrolls of enchant weapon {unknown}
 u - 2 scrolls of summoning {unknown}
 y - 10 scrolls of teleportation {@r2}
 B - 2 scrolls of enchant armour {unknown}
 K - a scroll of torment {unknown}
 O - 3 scrolls of blinking {unknown}
 Q - 2 scrolls of amnesia {unknown}
 T - a scroll of brand weapon {unknown}
 X - 2 scrolls of butterflies
Potions
 b - 12 potions of curing {@q1}
 h - 4 potions of might
 i - 2 potions of attraction
 j - 3 potions of mutation
 k - 3 potions of degeneration
 l - 3 potions of haste {@q3}
 n - a potion of brilliance
 q - 3 potions of lignification
 s - 4 potions of heal wounds {@q2}
 w - 2 potions of resistance
 z - a potion of ambrosia {unknown}
 H - 4 potions of invisibility
 L - 2 potions of berserk rage {unknown}
 S - a potion of magic

Dungeon Overview and Level Annotations

Branches:
Dungeon (10/15)            Temple (1/1) D:4            Lair (3/5) D:10
  Swamp (0/4) Lair:2          Orc (0/2) D:10         Bailey (visited)
Volcano (visited)
  Snake: Lair:2-3    Spider: Lair:2-3

Altars:
Ashenzari
Cheibriados
Dithmenos
Elyvilon
Fedhas
Gozag
Hepliaklqana
Kikubaaqudgha
Makhleb
Nemelex Xobeh
Okawaru
Qazlal
Ru
Sif Muna
Trog
Uskayaw
Vehumet
Wu Jian
Xom
Yredelemnul
Zin
The Shining One

Shops:
D:1 (   D:9 **( D:10

([ .....P# #..# ##...# #..
.....########.## #.<## ##.
P.##.#..P#.P#.P# ##.# #.
####..........## #.# #.
##.....##...P#### #.## ######.
#..#####P...##..###..####.#P##.
##..# #..............^........
##..## ##..Y...................
##.P..####....Y.@................
.....P.##......Y................#
^.................#####.##P.#...#
...........>.....#..........#...#
..##P.....#.....[...........P....
..#...........(..#...............
..#...............#####.P.#......
..+........#.....................
.....#.####......................


You could see 3 death yaks.


Message History

The death yak completely misses you.
Your spellforged servitor launches a ball of destructive magic.
The orb of destruction hits the death yak!!!
The orb of destruction hits the death yak!!!
The death yak is blown up!
Sif Muna accepts your kill.
You start resting.
Magic restored.
Your spellforged servitor disappears in a puff of smoke!
HP restored.
(D) Dungeon (T) Temple (L) Lair (S) Swamp (O) Orcish Mines
Where to? (Enter - Lair:3, ? - help)
There is a stone staircase leading down here.
You fly downwards.
You block the death yak's attack. The death yak barely misses you.
The death yak completely misses you. The death yak gores you!!
The death yak completely misses you. The death yak gores you!
There is a stone staircase leading up, spattered with blood here.
Unknown command.
Unknown command.
The death yak gores you!!
* * * LOW HITPOINT WARNING * * *
The death yak gores you but does no damage.
The death yak barely misses you.
You fly upwards.
There is a stone staircase leading down here.
Unknown command.
The death yak gores you!!
You die...

Skill      XL: |  1  2  3  4  5  6  7  8  9 10 11 12 13 |
---------------+----------------------------------------+-----
Dodging        | 3 4 5 9 11 | 11.2
Conjurations   | 6 7 9 12 14 15 17 | 17.1
Spellcasting   | 3 4 5 6 |  6.2
Fighting       | 1 2 3 4 |  4.0
Stealth        | 3 |  3.0
Translocations | 3 |  3.1
Armour         | 3 |  3.0
Invocations    | 1 6 |  6.0
Shields        | 4 |  4.0
Evocations     | 4 5 |  5.0
Ranged Weapons | 4 |  4.0
Summonings     | 4 10 | 10.0

Action                   |  1- 3 |  4- 6 |  7- 9 | 10-12 | 13-15 || total
-------------------------+-------+-------+-------+-------+-------++-------
Melee: Unarmed           |     6 |     1 |       |       |       ||     7
       Kick              |     2 |       |     9 |     2 |       ||    13
       Peck              |     2 |       |     5 |       |       ||     7
       Whip              |       |       |    21 |       |       ||    21
       Staff             |       |       |       |     3 |       ||     3
 Fire: Sling             |       |       |       |    80 |     5 ||    85
 Cast: Magic Dart        |    76 |    35 |   122 |    96 |     9 ||   338
       Searing Ray       |       |    12 |    50 |   122 |    21 ||   205
       Iskenderun's Myst |       |       |     3 |    48 |    21 ||    72
       Orb of Destructio |       |       |     1 |    33 |     8 ||    42
       Spellforged Servi |       |       |       |       |     4 ||     4
Invok: Channel Magic     |       |       |       |     3 |     2 ||     5
Evoke: Wand              |       |       |     1 |    18 |     5 ||    24
  Use: Scroll            |       |     6 |     4 |     8 |     1 ||    19
       Potion            |       |     3 |       |       |       ||     3
Armor: Robe              |     6 |       |     3 |       |       ||     9
       Leather armour    |       |       |       |    30 |    12 ||    42
Dodge: Dodged            |    13 |    17 |    50 |   256 |    76 ||   412
       Repelled          |       |       |       |     2 |       ||     2
Block: Buckler           |       |       |       |    50 |    15 ||    65

Levels and vault maps discovered:
D:1:      ncdulo_wetmaze, layout_basic, serial_shops, shop
D:2:      cheibrodos_helix_gallery, layout_loops_ring,
          hellmonk_ecumenical_altar_slurped_away
D:3:      layout_basic
D:4:      layout_basic, minmay_temple_entry_fiery, kennysheep_generic_room_11,
          uniq_menkaure, uniq_edmund, uniq_eustachio, uniq_pikel
D:5:      lemuel_ratsnest, layout_basic,
          chequers_temple_overflow_statue_of_worship, minmay_hedge_maze
D:6:      minmay_opposing_rooms, layout_loops_cross, uniq_crazy_yiuf_cottage
D:7:      layout_rooms, mainiacjoe_overflow_large_starburst, uniq_prince_ribbit1
D:8:      layout_basic, fedhas_altar_2, minmay_shattered_shrine, uniq_amaemon
D:9:      layout_roguey, cheibrodos_worm_habitat, enter_bailey_8, serial_shops,
          nicolae_shop_bloodbath_and_beyond, nicolae_stop_n_shop_1,
          nicolae_shop_overgrown_old_shop, chequers_serial_rivers_micro_a
D:10:     layout_long_grid, lair_entry_dummy, orc_david_3, uniq_erolcha
Temple:   nicolae_temple_superstar
Lair:1:   layout_roguey, nicolae_volcano_entry_s_turn, beast_lair_carwin_11
Lair:2:   layout_chaotic_city, minmay_swamp_entry_worms,
          nicolae_quartered_pool_impasse, serial_bayou_shore_b,
          serial_bayou_shore_a, uniq_fannar, uniq_harold
Lair:3:   layout_layer_cave, spider_nest_entry_rubble

Notes
Turn   | Place    | Note
-------+----------+-------------------------------------------
     0 | D:1      | quinnr the Tengu Conjurer began the quest for the Orb.
     0 | D:1      | Reached XP level 1. HP: 10/10 MP: 4/4
   135 | D:1      | Found Qoireopn's Antique Weapon Shop.
   181 | D:1      | Reached XP level 2. HP: 15/15 MP: 3/6
   629 | D:1      | Reached XP level 3. HP: 17/19 MP: 0/7
  1208 | D:2      | Reached skill level 3 in Dodging
  1208 | D:2      | Reached skill level 6 in Conjurations
  1592 | D:1      | Reached XP level 4. HP: 24/24 MP: 6/9
  1701 | D:2      | Found a faded altar of an unknown god.
  2491 | D:3      | Reached skill level 3 in Spellcasting
  2861 | D:4      | Noticed Eustachio
  2868 | D:4      | Learned a level 2 spell: Searing Ray
  2895 | D:4      | HP: 2/24 [Eustachio/+0 falchion (6)]
  2902 | D:4      | Killed Eustachio
  2903 | D:4      | Reached skill level 1 in Fighting
  2903 | D:4      | Reached skill level 4 in Dodging
  2903 | D:4      | Reached skill level 7 in Conjurations
  2903 | D:4      | Gained mutation: Your magical nature lets you fly swiftly
                  | and evasively. [Tengu growth]
  2903 | D:4      | Reached XP level 5. HP: 14/29 MP: 8/10
  3171 | D:4      | Reached XP level 6. HP: 34/34 MP: 4/11
  3516 | D:4      | Noticed Pikel
  3545 | D:4      | Killed Pikel
  3546 | D:4      | Reached skill level 3 in Stealth
  3546 | D:4      | Reached skill level 4 in Spellcasting
  3546 | D:4      | Reached skill level 9 in Conjurations
  3546 | D:4      | Reached XP level 7. HP: 39/39 MP: 3/14
  3655 | D:4      | Noticed Edmund
  3679 | D:4      | Killed Edmund
  3680 | D:4      | Reached skill level 2 in Fighting
  3680 | D:4      | Reached skill level 5 in Dodging
  3940 | D:4      | Reached XP level 8. HP: 44/44 MP: 9/15
  4333 | D:4      | Found a staircase to the Ecumenical Temple.
  4410 | Temple   | Entered the Ecumenical Temple
  4511 | Temple   | Became a worshipper of Sif Muna the Loreminder
  4624 | D:4      | Reached skill level 10 in Conjurations
  5014 | D:4      | Noticed Menkaure
  5023 | D:4      | Killed Menkaure
  5024 | D:4      | Reached skill level 11 in Conjurations
  5211 | D:5      | Entered Level 5 of the Dungeon
  5597 | D:5      | Reached * piety under Sif Muna
  5602 | D:5      | Reached skill level 12 in Conjurations
  5718 | D:5      | Learned a level 7 spell: Orb of Destruction
  5898 | D:5      | Reached XP level 9. HP: 49/49 MP: 5/16
  6091 | D:5      | Reached skill level 3 in Fighting
  6167 | D:5      | Found an opulent altar of Gozag.
  6168 | D:5      | Found a broken altar of Ashenzari.
  6168 | D:5      | Found an ancient bone altar of Kikubaaqudgha.
  6173 | D:5      | Found a radiant altar of Vehumet.
  6749 | D:6      | Learned a level 4 spell: Iskenderun's Mystic Blast
  6768 | D:6      | Reached skill level 5 in Spellcasting
  6848 | D:6      | Reached skill level 1 in Translocations
  6977 | D:6      | Found a runed translucent door.
  6978 | D:6      | Noticed Crazy Yiuf
  7209 | D:6      | Reached skill level 13 in Conjurations
  7525 | D:6      | Noticed a gargoyle
  7541 | D:6      | Killed a gargoyle
  7542 | D:6      | Reached skill level 2 in Translocations
  7694 | D:6      | Reached ** piety under Sif Muna
  7695 | D:6      | Reached skill level 1 in Armour
  7709 | D:6      | Reached skill level 3 in Translocations
  7856 | D:6      | Reached skill level 2 in Armour
  8155 | D:6      | Killed Crazy Yiuf
  8278 | D:7      | Reached skill level 3 in Armour
  8351 | D:7      | Reached skill level 14 in Conjurations
  8386 | D:7      | Reached skill level 1 in Invocations
  8432 | D:7      | Reached XP level 10. HP: 33/56 MP: 10/18
  8588 | D:7      | Found a white marble altar of Elyvilon.
  8611 | D:7      | Reached skill level 2 in Invocations
  8617 | D:7      | Noticed Prince Ribbit
  8621 | D:7      | Killed Prince Ribbit
  8622 | D:7      | Reached skill level 3 in Invocations
  8963 | D:7      | Found a hide-covered altar of Uskayaw.
  9179 | D:7      | Reached skill level 4 in Invocations
  9954 | D:8      | Identified the +2 sling of the Onslaught {vorpal, Will+
                  | Int+3}
 10400 | D:8      | Found a blossoming altar of Fedhas.
 10400 | D:8      | Noticed Amaemon
 10400 | D:8      | Noticed an orange demon
 10782 | D:8      | Noticed a green ugly thing
 10822 | D:8      | Killed a green ugly thing
 10823 | D:8      | Reached skill level 1 in Shields
 10823 | D:8      | Reached skill level 5 in Invocations
 10830 | D:8      | Killed an orange demon
 10831 | D:8      | Reached skill level 2 in Shields
 10844 | D:8      | Killed Amaemon
 10845 | D:8      | Reached skill level 3 in Shields
 11190 | D:8      | Identified 2 potions of resistance
 11264 | D:8      | Reached skill level 4 in Shields
 11264 | D:8      | Reached skill level 6 in Invocations
 11547 | D:8      | Noticed a gargoyle
 11548 | D:8      | Noticed a centaur warrior
 11548 | D:8      | Noticed a harpy
 11559 | D:8      | Killed a gargoyle
 11560 | D:8      | Reached skill level 6 in Spellcasting
 11661 | D:8      | Noticed a cyclops
 11670 | D:8      | Noticed a cyclops
 11681 | D:8      | Killed a cyclops
 11682 | D:8      | Reached XP level 11. HP: 40/60 MP: 7/21
 12047 | D:8      | Reached skill level 4 in Fighting
 12047 | D:8      | Reached skill level 6 in Dodging
 12243 | D:8      | Killed a cyclops
 12244 | D:8      | Reached skill level 7 in Dodging
 12245 | D:8      | Killed a centaur warrior
 12394 | D:9      | Noticed a two-headed ogre
 12402 | D:9      | Killed a two-headed ogre
 12403 | D:9      | Reached skill level 8 in Dodging
 12527 | D:9      | Found Piki's Weapon Boutique.
 12616 | D:9      | Found Qibiushu's General Store.
 12639 | D:9      | Noticed a two-headed ogre
 12653 | D:9      | Killed a two-headed ogre
 12654 | D:9      | Reached skill level 1 in Evocations
 12689 | D:9      | Found Aceuf's Assorted Antiques.
 12697 | D:9      | Bought a scroll labelled POJERYOPLE for 36 gold pieces
 12697 | D:9      | Bought a scroll labelled ENESI ZUIFUSS for 36 gold pieces
 12729 | D:9      | Found a flagged portal.
 12835 | Bailey   | Entered a bailey
 13027 | Bailey   | Reached *** piety under Sif Muna
 13157 | Bailey   | Noticed an orc knight
 13195 | Bailey   | Killed an orc knight
 13196 | Bailey   | Reached skill level 9 in Dodging
 13196 | Bailey   | Reached skill level 2 in Evocations
 13747 | Bailey   | Reached skill level 3 in Evocations
 13996 | Bailey   | Noticed an orc warlord
 14222 | Bailey   | Killed an orc warlord
 14295 | Bailey   | Acquired the +0 hat of the Destroying Gods {rElec rN+
                  | Slay+6}
 14577 | D:9      | Reached skill level 4 in Evocations
 14729 | D:9      | Bought a scroll of identify for 22 gold pieces
 14729 | D:9      | Bought a scroll of teleportation for 33 gold pieces
 14864 | D:9      | Found a snail-covered altar of Cheibriados.
 15100 | D:10     | Entered Level 10 of the Dungeon
 15484 | D:10     | Noticed Erolcha
 15506 | D:10     | Killed Erolcha
 15507 | D:10     | Reached skill level 15 in Conjurations
 15507 | D:10     | Reached XP level 12. HP: 66/66 MP: 14/22
 15852 | D:10     | Reached **** piety under Sif Muna
 15975 | D:10     | Found Wumuikha's Weapon Boutique.
 15976 | D:10     | Found a staircase to the Orcish Mines.
 16017 | D:10     | Found Toadawn's Armour Boutique.
 16026 | D:10     | Found a staircase to the Lair.
 16030 | D:10     | Bought a scarf of repulsion for 180 gold pieces
 16391 | D:10     | Reached skill level 5 in Evocations
 16419 | D:10     | Reached skill level 10 in Dodging
 16750 | Lair:1   | Entered Level 1 of the Lair of Beasts
 16886 | Lair:1   | Reached skill level 1 in Ranged Weapons
 16941 | Lair:1   | Noticed a six-headed hydra
 16962 | Lair:1   | Killed a six-headed hydra
 17000 | Lair:1   | Reached skill level 2 in Ranged Weapons
 17127 | Lair:1   | Reached skill level 3 in Ranged Weapons
 17136 | Lair:1   | Found a dark tunnel.
 17141 | Volcano  | Entered a volcano
 17273 | Volcano  | Learned a level 7 spell: Spellforged Servitor
 17798 | Volcano  | Found a burning altar of Makhleb.
 17820 | Volcano  | Reached skill level 16 in Conjurations
 18044 | Volcano  | Noticed a hell knight
 18049 | Volcano  | Killed a hell knight
 18050 | Volcano  | Reached skill level 4 in Ranged Weapons
 18146 | Volcano  | Reached skill level 11 in Dodging
 18378 | Volcano  | Got Ummui's Tome of the Throng
 18903 | Lair:1   | Reached skill level 1 in Summonings
 19191 | Lair:1   | Reached ***** piety under Sif Muna
 19192 | Lair:1   | Reached skill level 2 in Summonings
 19325 | Lair:2   | Noticed a boulder beetle
 19335 | Lair:1   | Reached skill level 17 in Conjurations
 19341 | Lair:1   | Reached skill level 3 in Summonings
 20289 | Lair:1   | Killed a boulder beetle
 20290 | Lair:1   | Reached skill level 4 in Summonings
 20290 | Lair:1   | Reached XP level 13. HP: 70/70 MP: 8/23
 20308 | Lair:1   | Reached skill level 5 in Summonings
 20458 | Lair:1   | Reached skill level 6 in Summonings
 20593 | Lair:2   | Received a gift from Sif Muna
 20595 | Lair:2   | Got Sif Muna's Codex of Incendiary Assembling {god gift}
 20621 | Lair:1   | Reached skill level 7 in Summonings
 20744 | Lair:2   | Identified the +1 robe of Gestures {MP+9 Stlth+}
 20813 | Lair:2   | Noticed Fannar
 20851 | Lair:2   | Killed Fannar
 20852 | Lair:2   | Reached skill level 8 in Summonings
 20999 | Lair:2   | Noticed Harold
 21312 | Lair:2   | Found a staircase to the Swamp.
 21457 | Lair:1   | Reached skill level 9 in Summonings
 22475 | Lair:2   | Killed Harold
 22476 | Lair:2   | Reached skill level 10 in Summonings
 23131 | Lair:2   | Mangled by a death yak

Vanquished Creatures
  An orc warlord (Bailey)
  Fannar (Lair:2)
  A boulder beetle (Lair:1)
  2 hydras
  2 two-headed ogres (D:9)
  Erolcha (D:10)
  A centaur warrior (D:8)
  Amaemon (D:8)
  A hell knight (Volcano)
  An orc knight (Bailey)
  Pikel (D:4)
  2 cyclopes (D:8)
  2 ugly things
  4 elephants
  2 black mambas
  An orange demon (D:8)
  A smoke demon (Volcano)
  2 molten gargoyles (Volcano)
  3 cane toads
  2 gargoyles
  2 kobold demonologists
  3 komodo dragons (Lair:1)
  2 red devils (Volcano)
  2 tyrant leeches
  Prince Ribbit (D:7)
  A troll (D:10)
  9 blink frogs (Lair:1)
  A wyvern (Lair:1)
  2 shadows
  2 wraiths
  9 yaks
  A vampire (D:6)
  2 fire bats (Volcano)
  A basilisk (Lair:2)
  Eustachio (D:4)
  A steam dragon (D:8)
  Menkaure (D:4)
  A redback (shapeshifter) (D:8)
  A swamp worm (Lair:2)
  Edmund (D:4)
  A hell hound (Volcano)
  11 water moccasins
  An acid dragon (D:9)
  14 orc warriors
  2 black bears
  3 ice beasts
  A sky beast (D:8)
  4 wolves (Lair:1)
  4 ogres
  3 centaurs
  2 phantoms
  5 kobold brigands
  A bullfrog (Lair:1)
  2 necrophages
  2 gnoll sergeants
  A scorpion (D:7)
  5 wights (D:6)
  5 killer bees (D:10)
  An electric eel (Lair:2)
  6 howler monkeys
  5 lava snakes (Volcano)
  A gnoll bouda (D:8)
  3 orc priests
  2 hounds (D:4)
  A jelly (D:5)
  Crazy Yiuf (D:6)
  4 iguanas
  7 orc wizards
  8 gnolls
  8 adders
  7 river rats (D:5)
  4 white imps
  2 worms
  2 dart slugs (D:4)
  47 orcs
  10 ball pythons
  7 bats
  5 endoplasms
  5 giant cockroaches
  17 goblins
  14 hobgoblins
  10 jackals
  19 kobolds
  11 quokkas
  A frilled lizard (D:3)
  15 rats
366 creatures vanquished.

Vanquished Creatures (collateral kills)
  Harold (Lair:2)
  3 death yaks (Lair:2)
  3 yaks (Lair:2)
7 creatures vanquished.

Vanquished Creatures (others)
  4 fungi
  16 plants
20 creatures vanquished.

Grand Total: 393 creatures vanquished

Table legend: (Time is in decaauts)
 A = Elapsed time spent in this place.
 B = Non-inter-level travel time spent in this place.
 C = Inter-level travel time spent in this place.
 D = Time resting spent in this place.
 E = Time spent auto-exploring this place.
 F = Levels seen in this place.
 G = Mean time per level.
                   A        B        C        D        E       F      G
               +--------+--------+--------+--------+--------+-----+--------+
         Total |  22382 |  21661 |    721 |   5014 |  13063 |  16 | 1398.9 |
       Dungeon |  14562 |  14046 |    516 |   2510 |   9415 |  10 | 1456.2 |
        Temple |     98 |     91 |      7 |      0 |     62 |   1 |   98.0 |
          Lair |   4849 |   4651 |    198 |   1682 |   2192 |   3 | 1616.3 |
        Bailey |   1607 |   1607 |      0 |    352 |    840 |   1 | 1607.0 |
       Volcano |   1264 |   1264 |      0 |    468 |    552 |   1 | 1264.0 |
               +--------+--------+--------+--------+--------+-----+--------+

Top non-repeatable levels by time:
  Lair:1: 3094 daAuts
     D:8: 2283 daAuts
     D:4: 2062 daAuts
     D:6: 1849 daAuts
  Lair:2: 1743 daAuts
  Bailey: 1607 daAuts
     D:5: 1506 daAuts
    D:10: 1366 daAuts
     D:7: 1343 daAuts
 Volcano: 1264 daAuts
     D:9: 1195 daAuts
     D:1: 1170 daAuts
     D:3: 920 daAuts
     D:2: 865 daAuts
  Temple: 98 daAuts

Table legend:
 A = Non-vault XP
 B = Vault XP
 C = Vault XP percentage of total XP
 D = Non-vault monster count
 E = Vault monster count
 F = Vault count percentage of total count
                 A         B        C        D         E       F
            +---------+---------+-------+---------+---------+-------
      Total |   23350 |   20786 |  47.1 |     226 |     147 |  39.4
            +---------+---------+-------+---------+---------+-------
        D:1 |      53 |       0 |   0.0 |      29 |       0 |   0.0
        D:2 |      27 |       5 |  15.6 |       9 |       3 |  25.0
        D:3 |      47 |       0 |   0.0 |      17 |       0 |   0.0
        D:4 |     413 |    1164 |  73.8 |      29 |       5 |  14.7
        D:5 |     452 |     487 |  51.9 |       6 |      31 |  83.8
        D:6 |     429 |    1249 |  74.4 |      12 |      11 |  47.8
        D:7 |     934 |     291 |  23.8 |      19 |       1 |   5.0
        D:8 |     522 |    5564 |  91.4 |       8 |      17 |  68.0
        D:9 |    2793 |       5 |   0.2 |      27 |       1 |   3.6
       D:10 |    1473 |    1120 |  43.2 |      19 |       7 |  26.9
     Lair:1 |    9549 |    1129 |  10.6 |      36 |       4 |  10.0
     Lair:2 |    6658 |    2232 |  25.1 |      15 |       4 |  21.1
     Bailey |       0 |    3446 | 100.0 |       0 |      48 | 100.0
    Volcano |       0 |    4094 | 100.0 |       0 |      15 | 100.0
            +---------+---------+-------+---------+---------+-------
